PAA
PHOENIX HOTSPUR YOUTH @ MERCER ISLAND SCREAMING EAGLES
05/02/2022
 
TOP OF THE 1ST
Phoenix Hotspur Youth batting - Pitching for Mercer Island Screaming Eagles : RHP Larry Branch
Pitching: RHP Larry Branch
Batting: LHB Arthur Ryan 0-0: Ball
1-0: Ball
2-0: Ball
3-0: Base on Balls
Batting: LHB Derek Blair 0-0: Called Strike
0-1: Ball
1-1: Foul Ball, location: 2F
1-2: Grounds into double play, U4-3 (Groundball, 4)
Batting: RHB António Padilla 0-0: Ball
1-0: Ball
2-0: Ball
3-0: Base on Balls
Batting: RHB Júlio Mateo 0-0: Ball
1-0: Ball
2-0: Called Strike
2-1: Fly out, F8 (Flyball, 8RXD)
Top of the 1st over - 0 run(s), 0 hit(s), 0 error(s), 1 left on base; Phoenix Hotspur 0 - Mercer Island 0
BOTTOM OF THE 1ST
Mercer Island Screaming Eagles batting - Pitching for Phoenix Hotspur Youth : LHP Edgar Capello
Pitching: LHP Edgar Capello
Batting: RHB Enrique Echevarría 0-0: Ball
1-0: Ground out 5-3 (Groundball, 5)
Batting: RHB Shawn McCormack 0-0: Swinging Strike
0-1: Called Strike
0-2: Ball
1-2: Ball
2-2: Reached on error, E5 (Groundball, 15S)
Batting: RHB Luis Antonio Hernández 0-0: Ball
1-0: Ball
2-0: Called Strike
2-1: Ball
3-1: Base on Balls
Batting: RHB Vincente Flores 0-0: Ball
1-0: Called Strike
1-1: Ball
2-1: Ball
3-1: SINGLE (Line Drive, 8LS)
Shawn McCormack to third
Luis Antonio Hernández to second
Runner from 3rd tries for Home, SAFE, no throw or cutoff
Batting: SHB Ray Davis 0-0: Ball
1-0: Foul Ball, location: 2F
1-1: Swinging Strike
1-2: Ball
2-2: Ball
3-2: Grounds into double play, 5-4-3 (Groundball, 5)
Bottom of the 1st over - 1 run(s), 1 hit(s), 1 error(s), 1 left on base; Phoenix Hotspur 0 - Mercer Island 1
TOP OF THE 2ND
Phoenix Hotspur Youth batting - Pitching for Mercer Island Screaming Eagles : RHP Larry Branch
Batting: SHB Pedro Gómez 0-0: Called Strike
0-1: Ball
1-1: Swinging Strike
1-2: Ground out 4-3 (Groundball, 34)
Batting: RHB Ángel Rivera 0-0: Called Strike
0-1: Swinging Strike
0-2: SINGLE (Groundball, 34D)
Batting: RHB David Rivas 0-0: Called Strike
0-1: Ball
1-1: Foul Ball, location: 2F
1-2: Ball
2-2: Grounds into double play, 6-4-3 (Groundball, 6)
Top of the 2nd over - 0 run(s), 1 hit(s), 0 error(s), 0 left on base; Phoenix Hotspur 0 - Mercer Island 1
BOTTOM OF THE 2ND
Mercer Island Screaming Eagles batting - Pitching for Phoenix Hotspur Youth : LHP Edgar Capello
Batting: SHB León Estrada 0-0: Ball
1-0: Swinging Strike
1-1: Hit by Pitch
Batting: LHB Nelson Plasenia 0-0: Called Strike
0-1: Swinging Strike
0-2: TRIPLE (Flyball, 8LXD)
León Estrada scores
Batting: RHB Ted Cook 0-0: Fly out, F2 (Popup, 2RF)
Batting: RHB Alan Rosales 0-0: Called Strike
0-1: Ball
1-1: Called Strike
1-2: SINGLE (Line Drive, 9LM)
Nelson Plasenia scores
Batting: RHB Enrique Echevarría 0-0: Fielders Choice at 2nd, 6-4 (Groundball, 6)
Batting: RHB Shawn McCormack 0-0: Ball
1-0: Ball
2-0: SINGLE (Line Drive, 34D)
Enrique Echevarría to second
Batting: RHB Luis Antonio Hernández 0-0: Ball
1-0: Ground out 5-3 (Groundball, 5S)
Bottom of the 2nd over - 2 run(s), 3 hit(s), 0 error(s), 2 left on base; Phoenix Hotspur 0 - Mercer Island 3
TOP OF THE 3RD
Phoenix Hotspur Youth batting - Pitching for Mercer Island Screaming Eagles : RHP Larry Branch
Batting: RHB Jesús Álvarez 0-0: Foul Ball, location: 2F
0-1: Swinging Strike
0-2: Fly out, F9 (Flyball, 89M)
Batting: RHB Satoshi Terada 0-0: Ball
1-0: SINGLE (Line Drive, 7LS)
Batting: LHB Arthur Ryan 0-0: Foul Ball, location: 2F
0-1: Foul Ball, location: 2F
0-2: Foul Ball, location: 2F
0-2: Ball
1-2: Ball
2-2: Foul Ball, location: 2F
2-2: Foul Ball, location: 2F
2-2: Fly out, F7 (Flyball, 7LSF)
Batting: LHB Derek Blair 0-0: Ball
1-0: Foul Ball, location: 2F
1-1: DOUBLE (Line Drive, 8RXD)
Satoshi Terada to third
Batting: RHB António Padilla 0-0: SINGLE (Line Drive, 4M)
Satoshi Terada scores
Derek Blair to third
Runner from 3rd tries for Home, SAFE, no throw or cutoff
Batting: RHB Júlio Mateo 0-0: Ball
1-0: Called Strike
1-1: DOUBLE (Line Drive, 5D)
António Padilla to third
Batting: SHB Pedro Gómez 0-0: Ball
1-0: Fly out, F8 (Flyball, 8RM)
Top of the 3rd over - 2 run(s), 4 hit(s), 0 error(s), 2 left on base; Phoenix Hotspur 2 - Mercer Island 3
BOTTOM OF THE 3RD
Mercer Island Screaming Eagles batting - Pitching for Phoenix Hotspur Youth : LHP Edgar Capello
Batting: RHB Vincente Flores 0-0: Swinging Strike
0-1: Called Strike
0-2: Strikes out swinging
Batting: SHB Ray Davis 0-0: Swinging Strike
0-1: Ball
1-1: Foul Ball, location: 2F
1-2: Foul Ball, location: 2F
1-2: Fly out, F8 (Flyball, 8LXD)
Batting: SHB León Estrada 0-0: Called Strike
0-1: Ball
1-1: Ball
2-1: Ball
3-1: Foul Ball, location: 2F
3-2: Base on Balls
Batting: LHB Nelson Plasenia 0-0: Ball
1-0: Ball
2-0: Called Strike
2-1: Ground out 4-3 (Groundball, 4)
Bottom of the 3rd over - 0 run(s), 0 hit(s), 0 error(s), 1 left on base; Phoenix Hotspur 2 - Mercer Island 3
TOP OF THE 4TH
Phoenix Hotspur Youth batting - Pitching for Mercer Island Screaming Eagles : RHP Larry Branch
Batting: RHB Ángel Rivera 0-0: Ball
1-0: Foul Ball, location: 2F
1-1: Ball
2-1: Ball
3-1: Base on Balls
Batting: RHB David Rivas 0-0: DOUBLE (Line Drive, 78M)
Ángel Rivera to third
Batting: RHB Jesús Álvarez 0-0: Called Strike
0-1: Ball
1-1: Called Strike
1-2: Fly out, F8 (Flyball, 89M)
Runner from 3rd tags up, SCORES, no throw
Batting: RHB Satoshi Terada 0-0: Fly out, F3 (Popup, 34)
Batting: LHB Arthur Ryan 0-0: Called Strike
0-1: Ball
1-1: Ball
2-1: Foul Ball, location: 2F
2-2: Strikes out looking
Top of the 4th over - 1 run(s), 1 hit(s), 0 error(s), 1 left on base; Phoenix Hotspur 3 - Mercer Island 3
BOTTOM OF THE 4TH
Mercer Island Screaming Eagles batting - Pitching for Phoenix Hotspur Youth : LHP Edgar Capello
Batting: RHB Ted Cook 0-0: Ground out 4-3 (Groundball, 4M)
Batting: RHB Alan Rosales 0-0: Foul Ball, location: 2F
0-1: Ball
1-1: Ball
2-1: Ball
3-1: Base on Balls
Batting: RHB Enrique Echevarría 0-0: Called Strike
0-1: Grounds into double play, 4-6-3 (Groundball, 4)
Bottom of the 4th over - 0 run(s), 0 hit(s), 0 error(s), 0 left on base; Phoenix Hotspur 3 - Mercer Island 3
TOP OF THE 5TH
Phoenix Hotspur Youth batting - Pitching for Mercer Island Screaming Eagles : RHP Larry Branch
Batting: LHB Derek Blair 0-0: Bunted foul
0-1: Ball
1-1: Ground out 4-3 (Groundball, 4)
Batting: RHB António Padilla 0-0: Ball
1-0: Called Strike
1-1: Foul Ball, location: 2F
1-2: Foul Ball, location: 2F
1-2: Strikes out looking
Batting: RHB Júlio Mateo 0-0: Ball
1-0: Ball
2-0: Called Strike
2-1: Swinging Strike
2-2: Foul Ball, location: 2F
2-2: Fly out, F6 (Popup, 5DF)
Top of the 5th over - 0 run(s), 0 hit(s), 0 error(s), 0 left on base; Phoenix Hotspur 3 - Mercer Island 3
BOTTOM OF THE 5TH
Mercer Island Screaming Eagles batting - Pitching for Phoenix Hotspur Youth : LHP Edgar Capello
Batting: RHB Shawn McCormack 0-0: Fly out, F8 (Line Drive, 8RM)
Batting: RHB Luis Antonio Hernández 0-0: Ball
1-0: Ground out 4-3 (Groundball, 4M)
Batting: RHB Vincente Flores 0-0: Ball
1-0: Ball
2-0: Ball
3-0: Called Strike
3-1: Called Strike
3-2: Foul Ball, location: 2F
3-2: Foul Ball, location: 2F
3-2: Foul Ball, location: 2F
3-2: Ground out 5-3 (Groundball, 56S)
Bottom of the 5th over - 0 run(s), 0 hit(s), 0 error(s), 0 left on base; Phoenix Hotspur 3 - Mercer Island 3
TOP OF THE 6TH
Phoenix Hotspur Youth batting - Pitching for Mercer Island Screaming Eagles : RHP Larry Branch
Batting: SHB Pedro Gómez 0-0: Swinging Strike
0-1: Ball
1-1: Foul Ball, location: 2F
1-2: DOUBLE (Groundball, 5L)
Batting: RHB Ángel Rivera 0-0: Ball
1-0: Ball
2-0: SINGLE (Flyball, 8LS)
Pedro Gómez to third
Batting: RHB David Rivas 0-0: Ball
1-0: Fly out, F9 (Flyball, 9LM)
Runner from 3rd tags up, SCORES, no throw
Batting: RHB Jesús Álvarez 0-0: Ball
1-0: Swinging Strike
1-1: SINGLE (Flyball, 8LS)
Ángel Rivera to second
Batting: RHB Satoshi Terada 0-0: SINGLE (Groundball, 34D)
Ángel Rivera to third
Jesús Álvarez to second
Runner from 3rd tries for Home, SAFE, throw made home
Batting: LHB Arthur Ryan 0-0: Ball
1-0: Ball
2-0: Fly out, F9 (Flyball, 89M)
Batting: LHB Derek Blair 0-0: Called Strike
0-1: Ball
1-1: Fly out, F8 (Flyball, 8LS)
Top of the 6th over - 2 run(s), 4 hit(s), 0 error(s), 2 left on base; Phoenix Hotspur 5 - Mercer Island 3
BOTTOM OF THE 6TH
Mercer Island Screaming Eagles batting - Pitching for Phoenix Hotspur Youth : LHP Edgar Capello
Batting: SHB Ray Davis 0-0: Ball
1-0: Called Strike
1-1: Swinging Strike
1-2: Foul Ball, location: 2F
1-2: Foul Ball, location: 2F
1-2: Fly out, F8 (Flyball, 78D)
Batting: SHB León Estrada 0-0: Ball
1-0: Called Strike
1-1: Called Strike
1-2: Fly out, F8 (Flyball, 8LM)
Batting: LHB Nelson Plasenia 0-0: Ball
1-0: SINGLE (Flyball, 9S)
Batting: RHB Ted Cook 0-0: Foul Ball, location: 2F
0-1: Ball
1-1: Fly out, F2 (Popup, 2LF)
Bottom of the 6th over - 0 run(s), 1 hit(s), 0 error(s), 1 left on base; Phoenix Hotspur 5 - Mercer Island 3
TOP OF THE 7TH
Phoenix Hotspur Youth batting - Pitching for Mercer Island Screaming Eagles : RHP Larry Branch
Batting: RHB António Padilla 0-0: Ball
1-0: Called Strike
1-1: Called Strike
1-2: Ground out 2-3 (Groundball, 2L)
Batting: RHB Júlio Mateo 0-0: Ball
1-0: Ball
2-0: Fly out, F7 (Flyball, 78M)
Batting: SHB Pedro Gómez 0-0: Swinging Strike
0-1: Ball
1-1: Foul Ball, location: 2F
1-2: SINGLE (Groundball, 34D)
Batting: RHB Ángel Rivera 0-0: Called Strike
0-1: Ball
1-1: Ball
Pedro Gómez steals 2nd base
2-1: Swinging Strike
2-2: Foul Ball, location: 2F
2-2: Ball
3-2: SINGLE (Line Drive, 56)
Pedro Gómez to third
Pedro Gómez scores
Pitching: RHP Jim Roberts
Batting: RHB David Rivas 0-0: Swinging Strike
0-1: Ball
1-1: Ball
2-1: Foul Ball, location: 2F
2-2: Foul Ball, location: 2F
2-2: Ball
3-2: Foul Ball, location: 2F
3-2: Base on Balls
Ángel Rivera to second
Batting: RHB Jesús Álvarez 0-0: SINGLE (Groundball, 34)
Ángel Rivera to third
David Rivas to second
Runner from 3rd tries for Home, SAFE, no throw or cutoff
Batting: RHB Satoshi Terada 0-0: Ball
1-0: Called Strike
1-1: Foul Ball, location: 2F
1-2: Foul Ball, location: 2F
1-2: Fielders Choice at 2nd, U6 (Groundball, 6M)
Top of the 7th over - 2 run(s), 3 hit(s), 0 error(s), 2 left on base; Phoenix Hotspur 7 - Mercer Island 3
BOTTOM OF THE 7TH
Mercer Island Screaming Eagles batting - Pitching for Phoenix Hotspur Youth : LHP Edgar Capello
Batting: RHB Alan Rosales 0-0: Ball
1-0: Ball
2-0: Ball
3-0: Base on Balls
Batting: RHB Enrique Echevarría 0-0: Ball
1-0: Fly out, F4 (Popup, 8RS)
Batting: RHB Shawn McCormack 0-0: Called Strike
Alan Rosales steals 2nd base
0-1: Ball
1-1: Ground out 5-3 (Groundball, 56)
Batting: RHB Luis Antonio Hernández 0-0: SINGLE (Line Drive, 56)
Alan Rosales to third
Runner from 3rd tries for Home, SAFE, no throw or cutoff
Batting: RHB Vincente Flores 0-0: Ball
1-0: 2-RUN HOME RUN (Flyball, 7LD), Distance : 357 ft
Batting: SHB Ray Davis 0-0: Called Strike
0-1: Foul Ball, location: 2F
0-2: Foul Ball, location: 2F
0-2: Ground out 2-3 (Groundball, 23)
Bottom of the 7th over - 3 run(s), 2 hit(s), 0 error(s), 0 left on base; Phoenix Hotspur 7 - Mercer Island 6
TOP OF THE 8TH
Phoenix Hotspur Youth batting - Pitching for Mercer Island Screaming Eagles : RHP Jim Roberts
Batting: LHB Arthur Ryan 0-0: Called Strike
0-1: Ball
1-1: Ball
2-1: Ball
3-1: Foul Ball, location: 2F
3-2: Foul Ball, location: 2F
3-2: Base on Balls
Batting: LHB Derek Blair 0-0: Ball
1-0: Sac Bunt - play at first, batter OUT! 1-4
Arthur Ryan to second
Pinch Hitting: SHB Roberto López 0-0: Intentional Walk
Batting: RHB Júlio Mateo 0-0: Ball
1-0: Ball
Arthur Ryan steals 3rd base
Roberto López to second
2-0: Fly out, F6 (Popup, 7S)
Batting: SHB Pedro Gómez 0-0: Intentional Walk
Batting: RHB Ángel Rivera 0-0: Ball
1-0: SINGLE (Flyball, 9S)
Arthur Ryan scores
Roberto López to third
Pedro Gómez to second
Runner from 3rd tries for Home, SAFE, no throw or cutoff
Batting: RHB David Rivas 0-0: Ball
1-0: Fly out, F4 (Popup, 4D)
Top of the 8th over - 2 run(s), 1 hit(s), 0 error(s), 2 left on base; Phoenix Hotspur 9 - Mercer Island 6
BOTTOM OF THE 8TH
Mercer Island Screaming Eagles batting - Pitching for Phoenix Hotspur Youth : LHP Edgar Capello
Pitching: LHP Bryan Jones
Now at SS: Roberto López
Batting: SHB León Estrada 0-0: Called Strike
0-1: Called Strike
0-2: Ball
1-2: Ball
2-2: Fly out, F8 (Line Drive, 8RM)
Batting: LHB Nelson Plasenia 0-0: SINGLE (Flyball, 8RS)
Batting: RHB Ted Cook 0-0: 2-RUN HOME RUN (Flyball, 78XD), Distance : 437 ft
Batting: RHB Alan Rosales 0-0: Ball
1-0: Fly out, F4 (Popup, 34D)
Batting: RHB Enrique Echevarría 0-0: Ball
1-0: Foul Ball, location: 2F
1-1: Foul Ball, location: 2F
1-2: Foul Ball, location: 2F
1-2: Foul Ball, location: 2F
1-2: Strikes out swinging
Bottom of the 8th over - 2 run(s), 2 hit(s), 0 error(s), 0 left on base; Phoenix Hotspur 9 - Mercer Island 8
TOP OF THE 9TH
Phoenix Hotspur Youth batting - Pitching for Mercer Island Screaming Eagles : RHP Jim Roberts
Batting: RHB Jesús Álvarez 0-0: Ball
1-0: SINGLE (Line Drive, 4MD)
Pinch Hitting: RHB Jim Unknown 0-0: Called Strike
0-1: Ball
1-1: Ball
2-1: Foul Ball, location: 2F
2-2: SINGLE (Groundball, 4MD)
Jesús Álvarez to second
Batting: LHB Arthur Ryan 0-0: Bunted foul
0-1: Bunted foul
0-2: Ball
1-2: Fly out, F7 (Flyball, 78D)
Batting: LHB Derek Blair 0-0: Ball
1-0: Ball
2-0: Ball
3-0: Called Strike
3-1: SINGLE (Groundball, 3L)
Jesús Álvarez to third
Jim Unknown to second
Runner from 3rd tries for Home, SAFE, no throw or cutoff
Pitching: RHP Fernando Reyna
Batting: SHB Roberto López 0-0: Ball
1-0: Ball
2-0: Ball
3-0: Called Strike
3-1: Called Strike
3-2: Base on Balls
Jim Unknown to third
Derek Blair to second
Batting: RHB Júlio Mateo 0-0: Ball
1-0: Swinging Strike
1-1: Swinging Strike
1-2: Ball
2-2: Strikes out swinging
Batting: SHB Pedro Gómez 0-0: Ball
1-0: Ball
2-0: Fly out, F7 (Flyball, 7LM)
Top of the 9th over - 1 run(s), 3 hit(s), 0 error(s), 3 left on base; Phoenix Hotspur 10 - Mercer Island 8
BOTTOM OF THE 9TH
Mercer Island Screaming Eagles batting - Pitching for Phoenix Hotspur Youth : LHP Bryan Jones
Pitching: LHP Raúl Gonzáles
Now at SS: Pedro Martínez
Now in CF: Javier González
Batting: RHB Shawn McCormack 0-0: Called Strike
0-1: SINGLE (Line Drive, 4MD)
Batting: RHB Luis Antonio Hernández 0-0: Called Strike
0-1: Swinging Strike
0-2: Foul Ball, location: 2F
0-2: Ball
1-2: Strikes out swinging
Batting: RHB Vincente Flores 0-0: Called Strike
0-1: Ball
1-1: Foul Ball, location: 2F
1-2: Foul Ball, location: 2F
1-2: Ball
2-2: Ball
3-2: Strikes out swinging
Batting: SHB Ray Davis 0-0: Ball
1-0: Foul Ball, location: 2F
1-1: Swinging Strike
1-2: Fly out, F6 (Line Drive, 56)
Bottom of the 9th over - 0 run(s), 1 hit(s), 0 error(s), 1 left on base; Phoenix Hotspur 10 - Mercer Island 8
This league is powered by Out of the Park Baseball, the baseball management simulation game for PC, Mac and Linux
Friday, April 15th, 2016 - OOTP Baseball 16.9 Build 39